 Dungeon Crawl Stone Soup version 0.17-a0-1508-ge7f3dc3 (webtiles) character file.

2321 daomo the Fighter (level 9, 0/127 HPs)
             Began as a Minotaur Gladiator on July 10, 2015.
             Was a Believer of Okawaru.
             Succumbed to a wight's poison
             ... on level 7 of the Dungeon.
             The game lasted 00:24:51 (6238 turns).

daomo the Fighter (Minotaur Gladiator)              Turns: 6238, Time: 00:24:51

Health: 0/127      AC: 24    Str: 34 (35) XL:     9   Next: 19%
Magic:  8/8        EV:  2    Int: 13      God:    Okawaru [**....]
Gold:   102        SH:  0    Dex: 13      Spells: 0 memorised, 8 levels left

rFire  . . .     SeeInvis .     L - +5 quarterstaff of Dillux {freeze, Str+7 Int+3 Dex+2}
rCold  . . .     Clarity  .     (armour currently unavailable)
rNeg   + + +     SustAt   .     (no shield)
rPois  +         Gourm    .     (helmet currently unavailable)
rElec  .         Spirit   .     (cloak currently unavailable)
rCorr  .         Warding  .     (gloves currently unavailable)
rMut   .         NoTele   +     (boots currently unavailable)
MR     +....                    (no amulet)
Stlth  ++........               o - ring of stealth
                                i - ring of protection from magic

@: mighty, brilliant, lethally poisoned (0 -> -1), tree-form (expiring), very
slightly contaminated, invisible, somewhat resistant to hostile enchantments,
unstealthy
A: (retaliatory headbutt), (horns 0), subdued magic 1
a: Heroism, Renounce Religion


You were on level 7 of the Dungeon.
You worshipped Okawaru.
Okawaru was pleased with you.
You were completely stuffed.
You were a tree.
You visited 2 branches of the dungeon, and saw 8 of its levels.

You collected 255 gold pieces.
You spent 153 gold pieces at shops.

Inventory:

Hand weapons
 a - a +0 war axe
 L - the +5 quarterstaff of Dillux (weapon) {freeze, Str+7 Int+3 Dex+2}
   (You found it on level 5 of the Dungeon)

   It has been specially enchanted to freeze those struck by it, causing extra
   injury to most foes and up to half again as much damage against particularly
   susceptible opponents.
   It can also slow down cold-blooded creatures.
   It affects your strength (+7).
   It affects your intelligence (+3).
   It affects your dexterity (+2).
Missiles
 d - 2 throwing nets (quivered)
Armour
 b - a +0 leather armour
 c - a +0 hat (melded)
 g - a +0 ring mail
 r - a +0 cloak (melded)
 t - a +0 scale mail
 w - a +0 pair of boots (melded)
 F - a +0 plate armour
 J - the +6 scale mail "Hojuemem" (melded) {MP+9 Dex+4}
   (You bought it in a shop on level 4 of the Dungeon)

   It affects your dexterity (+4).
   It affects your magic capacity (+9).
 K - a +0 pair of gloves (melded)
 M - a +2 shield
Jewellery
 i - a ring of protection from magic (left branch)
 o - a ring of stealth (right branch)
 u - an uncursed ring of invisibility
Magical devices
 B - a wand of lightning (0)
 R - a wand of disintegration (5)
 T - a wand of cold (6)
Scrolls
 f - a scroll of immolation
 h - 2 scrolls of remove curse
 k - 4 scrolls of random uselessness
 m - a scroll of magic mapping {unknown}
 x - 2 scrolls of teleportation
 y - 3 scrolls of fog {unknown}
 z - 2 scrolls of enchant weapon {unknown}
 A - 2 scrolls of amnesia
 G - 4 scrolls of blinking
 O - a scroll of enchant armour {unknown}
 Q - a scroll of recharging
Potions
 n - 2 potions of magic
Books
 C - a book of Summonings

   Spells                             Type                      Level
   a - Recall                         Summoning/Translocation      3
   b - Aura of Abjuration             Summoning                    5
   c - Shadow Creatures               Summoning                    5
   d - Summon Demon                   Summoning                    5
   e - Summon Forest                  Summoning/Translocation      5
   f - Summon Mana Viper              Hexes/Summoning              5
 I - a Fen Folio

   Spells                             Type                      Level
   a - Corpse Rot                     Necromancy                   2
   b - Stone Arrow                    Conjuration/Earth            3
   c - Leda's Liquefaction            Hexes/Earth                  4
   d - Summon Forest                  Summoning/Translocation      5
   e - Hydra Form                     Transmutation                6
   f - Summon Hydra                   Summoning                    7
 N - a book of Air

   Spells                             Type                      Level
   a - Shock                          Conjuration/Air              1
   b - Swiftness                      Charms/Air                   2
   c - Repel Missiles                 Charms/Air                   2
   d - Static Discharge               Conjuration/Air              3
   e - Lightning Bolt                 Conjuration/Air              5
Comestibles
 e - 5 bread rations
 v - 3 meat rations


   Skills:
 + Level 9.7 Fighting
 - Level 8.5 Axes
 * Level 8.1 Staves
 - Level 2.0 Throwing
 - Level 3.2 Dodging


You had 8 spell levels left.
You didn't know any spells.

Dungeon Overview and Level Annotations

Branches:
Dungeon (7/15)             Temple (1/1) D:5

Altars:
Ashenzari
Cheibriados
Dithmenos
Fedhas
Gozag
Kikubaaqudgha
Makhleb
Okawaru
Qazlal
Sif Muna
Trog
Vehumet
Xom
Yredelemnul
Zin
The Shining One

Shops:
D:4 *   D:6 *

Annotations:
D:4 Tyryt0's ghost, average HuFi


Innate Abilities, Weirdness & Mutations

((You reflexively headbutt those who attack you in melee.))
((You have a pair of horns on your head.))
Your spells are a little easier to cast, but a little less powerful.


Message History

w - Wait here. f - Follow me.
Anything else - Stay silent.
Wait here!
* * * LOW HITPOINT WARNING * * *
You feel sick. What do you say? t - Creak!
Orders for allies: a - Attack new target. r - Retreat! s - Stop attacking. w - Wait here. f - Follow me.
Anything else - Stay silent.
Wait here!
What do you say? t - Creak!
Orders for allies: a - Attack new target. r - Retreat! s - Stop attacking. w - Wait here. f - Follow me.
Anything else - Stay silent.
Wait here!
You die...

#.# #.# #.#
####.## . ##..
##.....#####..
#...
#?...)........
#.... #....))..#
.....# #.♣))...#
.....####)####...#
.......†.## .#
.###.<)## ##..#
#...# #. #
##.#..###. .#
###.###.... ..###
##.)## #..##


There were no monsters in sight!

Vanquished Creatures
  An orc warrior (D:7)
  2 ogres
  A black bear (D:6)
  A necrophage (D:7)
  A phantom (D:4)
  A centaur (D:6)
  An ice beast (D:5)
  5 giant frogs
  8 wights (D:7)
  2 hounds
  4 crimson imps
  A giant frog zombie (D:5)
  A centaur zombie (D:6)
  A gnoll shaman (D:6)
  2 orc priests
  Ijyb (D:2)
  A giant frog skeleton (D:6)
  An iguana (D:7)
  2 orc wizards (D:4)
  6 worker ants
  11 adders
  6 gnolls (D:6)
  2 shadow imps
  2 adder skeletons
  An adder zombie (D:6)
  2 worms
  3 giant geckos
  18 orcs
  12 bats
  A bat zombie (D:5)
  7 giant cockroaches
  9 goblins
  10 hobgoblins
  3 jackals (D:5)
  4 quokkas
  4 ball pythons
  A giant cockroach zombie (D:6)
  8 giant newts
  8 kobolds
  A quokka skeleton (D:4)
  7 rats
  2 butterflies (D:5)
165 creatures vanquished.

Vanquished Creatures (others)
  A quokka (D:2)
1 creature vanquished.

Grand Total: 166 creatures vanquished

Notes
Turn   | Place    | Note
--------------------------------------------------------------
     0 | D:1      | daomo the Minotaur Gladiator began the quest for the Orb.
     0 | D:1      | Reached XP level 1. HP: 18/18 MP: 0/0
   142 | D:1      | Reached skill level 4 in Axes
   147 | D:1      | You fall through a shaft!
   149 | D:2      | Noticed Ijyb
   151 | D:2      | Reached XP level 2. HP: 22/25 MP: 1/1
   159 | D:2      | Killed Ijyb
   159 | D:2      | Reached XP level 3. HP: 26/31 MP: 2/2
   504 | D:2      | Reached skill level 5 in Axes
   546 | D:2      | Found a faded altar to an unknown god.
   697 | D:2      | Found a radiant altar of Vehumet.
   948 | D:2      | Reached XP level 4. HP: 33/40 MP: 3/3
  1474 | D:3      | Reached XP level 5. HP: 42/47 MP: 4/4
  2136 | D:4      | Noticed a phantom
  2145 | D:4      | Killed a phantom
  2145 | D:4      | Reached skill level 5 in Fighting
  2145 | D:4      | Reached skill level 6 in Axes
  2151 | D:4      | Found Naluat's Assorted Antiques.
  2375 | D:4      | Found a shimmering altar of Xom.
  2476 | D:4      | Reached XP level 6. HP: 56/56 MP: 5/5
  2607 | D:4      | Noticed Tyryt0's ghost (average HuFi)
  3083 | D:4      | Reached skill level 7 in Axes
  3282 | D:4      | Noticed an ogre
  3299 | D:4      | Killed an ogre
  3299 | D:4      | Reached XP level 7. HP: 12/64 MP: 6/6
  3858 | D:5      | Entered Level 5 of the Dungeon
  3869 | D:5      | Found a shattered altar of Ashenzari.
  3941 | D:5      | Found a staircase to the Ecumenical Temple.
  3958 | Temple   | Entered the Ecumenical Temple
  4088 | Temple   | Became a worshipper of Warmaster Okawaru
  4372 | D:5      | Reached skill level 8 in Axes
  4645 | D:5      | Got a faintly glowing quarterstaff
  4662 | D:5      | Identified the +5 quarterstaff of Dillux {freeze, Str+7 Int+3 Dex+2} (You found it on level 5 of the Dungeon)
  4798 | D:6      | Reached skill level 1 in Staves
  4827 | D:6      | Acquired Okawaru's first power
  4827 | D:6      | Reached XP level 8. HP: 72/74 MP: 7/7
  4828 | D:6      | Found Copoa's Commerce Corner.
  4923 | D:4      | Bought a shimmering scale mail for 153 gold pieces
  4933 | D:4      | Identified the +6 scale mail "Hojuemem" {MP+9 Dex+4} (You bought it in a shop on level 4 of the Dungeon)
  5367 | D:6      | Reached skill level 5 in Staves
  5599 | D:6      | Found a blossoming altar of Fedhas.
  5758 | D:6      | Reached skill level 9 in Fighting
  6181 | D:7      | Reached XP level 9. HP: 66/84 MP: 8/8
  6221 | D:7      | Gained mutation: Scrolls take you a little longer to read. [potion of mutation]
  6221 | D:7      | Lost mutation: Scrolls take you a little longer to read. [potion of mutation]
  6221 | D:7      | Gained mutation: Your spells are a little easier to cast, but a little less powerful. [potion of mutation]
  6227 | D:7      | HP: 5/127 [poisoned by a wight]
  6232 | D:7      | HP: 3/127 [poisoned by a wight]
  6234 | D:7      | HP: 1/127 [poisoned by a wight]
  6238 | D:7      | Succumbed to a wight's poison

Vault maps used:
D:1:      dpeg_arrival_leaves_temple_mockup
D:2:      kennysheep_the_goblin_king, fiery_altar_vehumet, first_bread,
          ecumenical_altar_2
D:3:      serial_corexii_hall, corexii_hall_statues_x,
          corexii_hall_statues_deadend, kennysheep_generic_room_15
D:4:      nicolae_overflow_crystal_walls, serial_shops,
          nicolae_shop_overgrown_old_shop
D:5:      minmay_temple_entry_butterflies, cheibrodos_ashenzari_chains
D:6:      kennysheep_mini, nicolae_alphabet_shops
Temple:   oiseaux_autumnal_temple_12

Action                   |  1- 3 |  4- 6 |  7- 9 || total
-------------------------+-------+-------+-------++-------
Melee: War axe           |    62 |   161 |    90 ||   313
       Quarterstaff      |       |       |   104 ||   104
Throw: Throwing net      |       |     1 |       ||     1
Evoke: Wand              |       |     1 |       ||     1
  Use: Potion            |     1 |       |    11 ||    12
       Scroll            |       |    12 |     3 ||    15
 Stab: Held in net/web   |       |     1 |       ||     1
       Fleeing           |       |       |     1 ||     1
       Sleeping          |       |       |     1 ||     1
  Eat: Chunk             |       |     6 |     4 ||    10
       Bread ration      |       |     1 |     3 ||     4
